 Dungeon Crawl Stone Soup version 0.19-a0-1834-g6b7851e (webtiles) character file.

101 Zhenya24pyc the Covered (level 4, -1/29 HPs)
             Began as a Gargoyle Fighter on Oct 8, 2016.
             Slain by a wight
             ... wielding a +0 trident
              (5 damage)
             ... on level 2 of the Dungeon.
             The game lasted 00:02:25 (1858 turns).

Zhenya24pyc the Covered (Gargoyle Fighter)          Turns: 1858, Time: 00:02:26

Health: -1/29      AC: 10    Str: 21    XL:     4   Next: 75%
Magic:  13/13      EV:  7    Int:  8    God:
Gold:   153        SH:  9    Dex:  9    Spells: 0 memorised, 3 levels left

rFire  x . .     SeeInvis .     a - +0 flail
rCold  + . .     Gourm    .     b - +0 scale mail
rNeg   + . .     Faith    .     c - +0 shield
rPois  ∞         Spirit   .     (no helmet)
rElec  +         Dismiss  .     (no cloak)
rCorr  .         Reflect  .     (no gloves)
MR     .....     Harm     .     (no boots)
Stlth  ..........               (no amulet)
                                p - ring of magical power
                                h - ring of ice

@: no status effects
A: negative energy resistance 1, electricity resistance, unbreathing,
petrification resistance, rot immunity, AC +3
a: no special abilities


You were on level 2 of the Dungeon.
You were not hungry.

You visited 1 branch of the dungeon, and saw 3 of its levels.

You collected 153 gold pieces.

Inventory:

Hand Weapons
 a - a +0 flail (weapon)
Armour
 b - a +0 scale mail (worn)
 c - a +0 shield (worn)
Jewellery
 h - a ring of ice (left hand)
 p - a ring of magical power (right hand)
Scrolls
 e - 2 scrolls of identify {unknown}
 i - a scroll of remove curse {unknown}
 m - a scroll of enchant armour {unknown}
 n - a scroll of fear {unknown}
Potions
 d - 2 potions of might
 g - a potion of heal wounds {unknown}
 j - 3 potions of invisibility {unknown}
 k - 2 potions of lignification {unknown}
 l - a potion of curing {unknown}
 o - a potion of haste {unknown}
 q - a potion of mutation {unknown}
 s - a potion of brilliance {unknown}
 t - a potion of magic {unknown}
Comestibles
 f - 2 chunks of flesh
 u - a meat ration


   Skills:
 + Level 4.0 Fighting
 * Level 3.7 Maces & Flails
 + Level 4.1 Armour
 - Level 3.2 Shields


You had 3 spell levels left.
You didn't know any spells.

Dungeon Overview and Level Annotations

Branches:
Dungeon (3/15)

Altars:


Innate Abilities, Weirdness & Mutations

You are resistant to torment.
Your stone body is resilient. (AC +3)
You are immune to poison.
You resist negative energy. (rN+)
You are resistant to electric shocks. (rElec)
You can survive without breathing.
You are immune to petrification.
You are immune to rotting.


Message History

There is a stone staircase leading up here.
You can't go down here!
You sock the dart slug!
You kill the dart slug!
You block the wight's attack. x3
The wight closely misses you. You block the wight's attack.
You see here a dart slug corpse.
You butcher the dart slug corpse.
The wight hits you with a trident. The wight hits you with a great sword.
* * * LOW HITPOINT WARNING * * *
You see here 2 chunks of flesh.
There is a stone staircase leading up here.
You block the wight's attack. The wight closely misses you.
You see here 2 chunks of flesh.
f - 2 chunks of flesh The wight hits you with a trident.
* * * LOW HITPOINT WARNING * * *
The wight barely misses you. The wight hits you with a trident.
You die...

#.# #.#
#.##.........#####...### #.#
#.# #.###..#####.# #...# #.#
#.# #.# #..# #.# #.#.# #.# #.#
#.# #..# #.# #.#.# #>###.####.#
#..#####.#####.#.# #..........#
#..#.............# ..###.######
#..#.#....)......#
..(......#####.z....####.###..#
#####..........z@........#
#..###
#.##.#####.##.#####..###....#
#.##.# #.##.# #.......#.#
#.##.# #z##.# ##.###.##.#
#.##.# #z##.# ### ######
#.##.#####w##.# #.##...[>..##.#
#.PbrP....P.
#.#######..##.####b.#######.P
#.# #..##....#bP#.....#..


You could see 2 wights.

Vanquished Creatures
  A wight (D:2)
  A gnoll (D:1)
  An adder (D:2)
  A dart slug (D:2)
  2 leopard geckos
  3 bats
  4 giant cockroaches
  5 goblins
  6 jackals
  3 kobolds
  2 frilled lizards (D:1)
  6 rats
35 creatures vanquished.

Notes
Turn   | Place    | Note
-------+----------+-------------------------------------------
     0 | D:1      | Zhenya24pyc the Gargoyle Fighter began the quest for the Orb.
     0 | D:1      | Reached XP level 1. HP: 14/14 MP: 1/1
   140 | D:1      | Reached XP level 2. HP: 19/19 MP: 2/2
   330 | D:1      | Reached XP level 3. HP: 14/23 MP: 3/3
  1094 | D:2      | Reached XP level 4. HP: 29/29 MP: 4/4
  1243 | D:2      | HP: 1/29 [wight/falchion (4)]
  1528 | D:2      | HP: 1/29 [wight/trident (5)]
  1858 | D:2      | Slain by a wight

Vault maps used:
D:1:      scummos_arrival_simple_fountains, minmay_pentomino_t2
D:2:      serial_aquarium, aquarium_bridge_straight, aquarium_window_fake,
          aquarium_window_fake, aquarium_view_2d, aquarium_balcony_5b,
          aquarium_pool_corner
D:3:      uniq_jessica, uniq_natasha, uniq_sigmund, uniq_grinder, uniq_iyjb

Skill      XL: |  1  2  3  4 |
---------------+-------------+-----
Maces & Flails | 3 |  3.7
Fighting       | 4 |  4.0
Armour         | 4 |  4.1
Shields        | |  3.2

Action                   |  1- 3 |  4- 6 || total
-------------------------+-------+-------++-------
Melee: Flail             |   127 |    26 ||   153
  Eat: Bread ration      |       |     1 ||     1
       Pizza             |       |     1 ||     1
Armor: Scale mail        |    91 |    16 ||   107
Dodge: Dodged            |    54 |    16 ||    70
Block: Shield            |    93 |    26 ||   119
